 Dungeon Crawl Stone Soup version 0.22.1-1-ga44c0e56f4 (webtiles) character file.

67 Riddle the Skirmisher (level 4, -11/38 HPs)
             Began as a Formicid Abyssal Knight on Oct 1, 2018.
             Was a Follower of Lugonu.
             Killed by divine providence
             ... invoked by an orc priest
              (17 damage)
             ... on level 3 of the Dungeon.
             The game lasted 00:03:06 (2299 turns).

Riddle the Skirmisher (Formicid Abyssal Knight)     Turns: 2299, Time: 00:03:06

Health: -11/38     AC:  9    Str: 18    XL:     4   Next: 40%
Magic:  5/5        EV:  7    Int: 11    God:    Lugonu [*.....]
Gold:   52         SH:  0    Dex: 10    Spells: 3/3 levels left

rFire    . . .     SeeInvis +   a - +1 hand axe
rCold    . . .     Gourm    .   (no shield)
rNeg     . . .     Faith    .   f - +0 chain mail
rPois    .         Spirit   .   (helmet unavailable)
rElec    .         Reflect  .   q - scarf {cloud immunity}
rCorr    .         Harm     .   (no gloves)
MR       .....                  (no boots)
Stlth    ..........             (no amulet)
HPRegen  0.12/turn              (no ring)
MPRegen  0.09/turn              (no ring)

@: no status effects
A: permanent stasis, dig shafts and tunnels, four strong arms, antennae 3
a: Dig, Shaft Self, Depart the Abyss, Renounce Religion


You were on level 3 of the Dungeon.
You worshipped Lugonu.
Lugonu was aware of your devotion.
You were not hungry.

You visited 1 branch of the dungeon, and saw 3 of its levels.
You visited the Abyss 1 time.

You collected 52 gold pieces.

Inventory:

Hand Weapons
 a - a +1 hand axe (weapon)
Armour
 f - a +0 chain mail (worn)
 q - a scarf of cloud immunity (worn)
Wands
 r - a wand of enslavement (12)
Scrolls
 b - a scroll of random uselessness {unknown}
 d - a scroll of immolation {unknown}
 g - a scroll of fear {unknown}
 h - 2 scrolls of remove curse {unknown}
 i - a scroll of teleportation {unknown}
 j - 2 scrolls of magic mapping {unknown}
 l - a scroll of amnesia {unknown}
Potions
 e - 2 potions of haste {unknown}
 k - a potion of heal wounds {unknown}
 m - a potion of curing {unknown}
 n - a potion of ambrosia {unknown}
 p - 2 potions of cancellation {unknown}
Comestibles
 c - 3 rations
 o - 2 chunks of flesh


   Skills:
 + Level 4.4 Fighting
 + Level 2.4 Axes
 + Level 3.2 Armour
 + Level 0.8 Dodging
 + Level 2.1 Invocations


You had 3 spell levels left.
You didn't know any spells.
Your spell library was empty.

Dungeon Overview and Level Annotations

Branches:
Dungeon (3/15)

Altars:


Innate Abilities, Weirdness & Mutations

You cannot be hasted, slowed, berserked, paralysed or teleported.
You can dig through walls and to a lower floor.
Your four strong arms can wield two-handed weapons with a shield.
You have a pair of large antennae on your head. (SInv)


Message History

You hit the orc.
You kill the orc!
Lugonu accepts your kill.
You hit the orc.
The orc is almost dead.
The orc hits you but does no damage.
You hit the orc.
You kill the orc!
Lugonu accepts your kill. The orc hits you but does no damage.
You closely miss the orc.
The orc priest calls down the wrath of Beogh upon you.
Beogh smites you!
The orc priest calls down the wrath of Beogh upon you.
Beogh smites you!
* * * LOW HITPOINT WARNING * * *
The orc barely misses you.
The orc priest mumbles some strange prayers to Beogh against you.
Beogh smites you!
You die...

#.# ##################.# ..#
...................# #.#
#####..##########.# #.#
#...........#.#
#.#.########.#.######.#.#
#.#........(.#........#.#
#.############.########.####
#.###......................#
................@.o.o>#.##.#
#.###.#......#.######.#.##.#
#.# #.#.####.#.# #.#.##.#
#.# #.#.# #.#.# #o#.##.# #.#
#.#.# ..#.# #.#.##.# #.#
#.#.# ####.# #.#.##.# ...
#+#.) ....### #.#.##.# ...
... .......###)# #.# ... ...
......o....#


You could see an orc priest and an orc.

Vanquished Creatures
  3 adders (D:2)
  A worm (D:2)
  A dart slug (D:1)
  2 leopard geckos
  2 orcs (D:3)
  A giant cockroach (D:3)
  3 goblins
  5 hobgoblins
  3 jackals (D:2)
  A quokka (D:2)
  3 bats
  3 kobolds
  2 rats
30 creatures vanquished.

Notes
Turn   | Place    | Note
-------+----------+-------------------------------------------
     0 | Abyss:1  | Riddle the Formicid Abyssal Knight began the quest for the
                  | Orb.
     0 | Abyss:1  | Reached XP level 1. HP: 18/18 MP: 2/2
    87 | Abyss:1  | Noticed a hell hound
   108 | Abyss:2  | Found a corrupted altar of Lugonu.
   156 | Abyss:2  | Noticed an ancient zyme
   197 | Abyss:3  | Noticed a raiju
   211 | Abyss:3  | Noticed an ancient zyme
   213 | Abyss:3  | Noticed a raiju
   222 | Abyss:3  | Noticed a large abomination
   232 | D:1      | Escaped the Abyss
   613 | D:1      | Reached * piety under Lugonu
   737 | D:1      | Reached XP level 2. HP: 24/24 MP: 3/3
  1373 | D:2      | Reached skill level 4 in Fighting
  1373 | D:2      | Reached XP level 3. HP: 18/30 MP: 4/4
  1729 | D:2      | Reached XP level 4. HP: 37/38 MP: 5/5
  2299 | D:3      | Killed from afar by an orc priest

Skill      XL: |  1  2  3 |
---------------+----------+-----
Fighting       | 4 |  4.4
Armour         | 3 |  3.2
Axes           | |  2.4
Dodging        | |  0.8
Invocations    | |  2.1

Action                   |  1- 3 |  4- 6 || total
-------------------------+-------+-------++-------
Melee: Hand axe          |    74 |    32 ||   106
Invok: Depart the Abyss  |     1 |       ||     1
  Eat: Chunk             |     3 |     1 ||     4
Armor: Chain mail        |    42 |    17 ||    59
Dodge: Dodged            |    34 |    11 ||    45
